cohdb
Replays
Latest Replays
All Replays
Popular Replays
Top Player Replays
Match Explorer
How It Works
Community
CoH3 Stats
Reddit
Sign in to upload your games and track your stats! →
Sign in with Steam
Match 47049106
Unlisted
Match 47049106
Overview
Messages
Build Orders
End
Kradschützen Motorcycle Team
Panzergrenadier Squad
Selects Panzerjäger Kommand Battlegroup
Panzergrenadier Squad
Construct Light Support Kompanie
Panzergrenadier Squad
2.5-tonne Medical Truck
Selects Tank Busters
Fire Support Elements
Selects Mine Fields
Forward Retreat Point
Pak 38 Mechanized Group
Selects Defensive Positions
Veteran Squad Leaders
Construct Panzerarmee Kommand
Combat Half-tracks
Panzerjäger Squad
Panzerjäger Mechanized Group
Major-Chaos
Der Kartograph(Bkr)
lil balox
巨SSS巨
Bruistablet
shanxz
Kham
低调的大帅哥
0
0
Comments
sign in to comment!
No comments posted yet!